 Dungeon Crawl Stone Soup version 0.20.1-1-g8b1a95d (webtiles) character file.

5018 ANON1729 the Arsonist (level 10, -8/56 HPs)
             Began as an Octopode Fire Elementalist on Oct 21, 2017.
             Was an Elder of Sif Muna.
             Mangled by a two-headed ogre
             ... wielding a +0 giant spiked club
              (17 damage)
             ... on level 8 of the Dungeon.
             The game lasted 00:36:10 (10890 turns).

ANON1729 the Arsonist (Octopode Fire Elementalist) Turns: 10890, Time: 00:36:11

Health: -8/56      AC:  1    Str: 12    XL:     10   Next: 55%
Magic:  21/21      EV: 19    Int: 21    God:    Sif Muna [****..]
Gold:   446        SH:  0    Dex: 16    Spells: 11/24 levels left

rFire    . . .     SeeInvis .   I - +4 arc blade {discharge, rElec}
rCold    . . .     Gourm    +   (no shield)
rNeg     . . .     Faith    .   (helmet restricted)
rPois    .         Spirit   .   O - amulet of the gourmand
rElec    +         Reflect  .   i - +5 ring of strength
rCorr    .         Harm     .   (no ring)
MR       .....                  y - +3 ring of dexterity
Stlth    +++.......             (no ring)
Regen    0.2/turn               (no ring)
MPRegen  0.2/turn               (no ring)
                                (no ring)
                                (no ring)

@: divine energy
A: almost no armour, stealthy swim, amphibious, 8 rings, constrict 8, tentacle
spike 1, repulsion field 1, camouflage 1, gelatinous body 1
a: Stop Divine Energy, Channel Magic, Forget Spell, Renounce Religion


You were on level 8 of the Dungeon.
You worshipped Sif Muna.
Sif Muna was greatly pleased with you.
You were full.

You visited 1 branch of the dungeon, and saw 8 of its levels.

You collected 446 gold pieces.

Inventory:

Hand Weapons
 j - a +0 dagger
 t - a +0 short sword
 I - the +4 arc blade (weapon) {discharge, rElec}
   (You found it on level 4 of the Dungeon)

   It insulates you from electricity.
Armour
 F - the +7 ring mail of Slovenliness {rN+ Str-2 Int+4, unknown}
   (You found it on level 4 of the Dungeon)

   It affects your strength (-2).
   It affects your intelligence (+4).
   It protects you from negative energy.
 L - a +0 buckler
Jewellery
 i - a +5 ring of strength (left tentacle)
 y - a +3 ring of dexterity (on tentacle)
 O - an amulet of the gourmand (around mantle)
Wands
 f - a wand of flame (21/48)
 H - a wand of iceblast (5/15)
 N - a wand of polymorph (15/24)
 R - a wand of random effects (24/48)
Scrolls
 d - 2 scrolls of enchant weapon
 k - 2 scrolls of fog
 l - a scroll of fear
 o - a scroll of noise {unknown}
 q - 4 scrolls of blinking
 u - 2 scrolls of remove curse
 v - 3 scrolls of magic mapping
 w - 2 scrolls of teleportation
 B - a scroll of recharging {unknown}
 D - a scroll of amnesia {unknown}
 K - a scroll of enchant armour {unknown}
Potions
 c - 4 potions of curing {unknown}
 e - 3 potions of brilliance {unknown}
 h - a potion of resistance
 n - a potion of agility
 s - a potion of haste {unknown}
 x - 6 potions of flight
 z - 2 potions of heal wounds {unknown}
 A - 2 potions of mutation {unknown}
 C - a potion of degeneration {unknown}
 E - a potion of ambrosia {unknown}
 G - 2 potions of might {unknown}
 M - a potion of berserk rage {unknown}
 P - a potion of lignification {unknown}
Books
 a - a book of Flames

   Spells                             Type                      Level
   a - Flame Tongue                   Conjuration/Fire             1
   b - Throw Flame                    Conjuration/Fire             2
   c - Conjure Flame                  Conjuration/Fire             3
   d - Inner Flame                    Hexes/Fire                   3
   e - Sticky Flame                   Conjuration/Fire             4
   f - Fireball                       Conjuration/Fire             5
 p - a Young Poisoner's Handbook

   Spells                             Type                      Level
   a - Sting                          Conjuration/Poison           1
   b - Poisonous Vapours              Poison/Air                   2
   c - Mephitic Cloud                 Conjuration/Poison/Air       3
   d - Olgreb's Toxic Radiance        Poison                       4
   e - Venom Bolt                     Conjuration/Poison           5
 J - a book of Callings

   Spells                             Type                      Level
   a - Summon Small Mammal            Summoning                    1
   b - Call Imp                       Summoning                    2
   c - Call Canine Familiar           Summoning                    3
   d - Summon Guardian Golem          Hexes/Summoning              3
   e - Summon Lightning Spire         Summoning/Air                4
   f - Summon Ice Beast               Ice/Summoning                4
Comestibles
 b - 8 bread rations
 g - 5 fruits
 m - a royal jelly
 r - 2 meat rations


   Skills:
 - Level 6.5 Dodging
 - Level 3.3 Stealth
 + Level 7.5 Spellcasting
 + Level 8.0 Conjurations
 + Level 8.7 Fire Magic


You had 11 spell levels left.
You knew the following spells:

 Your Spells              Type           Power        Failure   Level  Hunger
a - Flame Tongue          Conj/Fire      #####        1%          1    None
b - Conjure Flame         Conj/Fire      #####...     1%          3    None
c - Sticky Flame          Conj/Fire      #####...     2%          4    ###....
d - Fireball              Conj/Fire      #####.....   8%          5    #####..


Dungeon Overview and Level Annotations

Branches:
Dungeon (8/15)             Temple (0/1) D:6            Lair (0/6) D:8

Altars:
Cheibriados
Dithmenos
Gozag
Hepliaklqana
Nemelex Xobeh
Sif Muna
Vehumet
Xom
Zin

Shops:
D:5 [

Annotations:
D:6 Erymatos's ghost, novice MiBe


Innate Abilities, Weirdness & Mutations

You cannot wear most types of armour.
You are very stealthy in the water. (Stealth+)
You are amphibious.
You can wear up to eight rings at the same time.
You can use your tentacles to constrict eight enemies at once.
Your skin changes colour to match your surroundings (Stealth+).
Your rubbery body absorbs attacks. (AC +1, EV +1)
One of your tentacles bears a spike.
You are surrounded by a mild repulsion field. (EV +2)


Message History

You kill the killer bee!
Sif Muna accepts your kill.
The orc throws a tomahawk.
The tomahawk closely misses you.
You feel sick.
You feel sick.
You feel sick.
Found a bread ration.
A worker ant comes into view.
You feel sick.
There is a fountain of clear blue water here.
You feel sick.
You are no longer poisoned.
The queen bee buzzes angrily.
Found a glowing silver altar of Zin and a shimmering altar of Xom.
The angel shouts!
The two-headed ogre hits you with a giant spiked club!!
Ouch! That really hurt!
* * * LOW HITPOINT WARNING * * *
The two-headed ogre hits you with a giant club!
You die...

#.######....###
#...........#
...######......# ...#
#..#....# #####... ..#
#.##....# #...#... ..#
###.####### #...#_.#
#.###...# #...#..#
#.##..### #####..#
##.##@## #### .......
####.g.O.# #..#
......###.....#### #.##
.........y###.# #.#
.....###### #.# ####.#
.....########.######....#
.......g................#
....###########..####...#
y... #...#.%#..'..#...#


You could see a two-headed ogre, a queen bee and a hobgoblin.

Vanquished Creatures
  A two-headed ogre (D:8)
  The ghost of kiryas the Cutter, a novice MfSk of Okawaru (D:7)
  A hippogriff (D:8)
  A yak (D:8)
  A basilisk (D:8)
  Menkaure (D:4)
  A water moccasin (D:6)
  3 sky beasts
  An orc warrior (D:7)
  6 ogres
  2 phantoms
  7 centaurs
  A crocodile (D:8)
  A bullfrog (D:7)
  2 scorpions
  10 killer bees (D:8)
  A crimson imp (D:8)
  5 hounds
  A centaur skeleton (D:7)
  2 jellies
  4 orc priests
  2 iguanas
  3 orc wizards
  5 worker ants
  A hound skeleton (D:5)
  A mummy (D:7)
  6 gnolls
  9 adders
  2 adder skeletons (D:4)
  7 worms
  A dart slug (D:2)
  8 leopard geckos
  22 orcs
  3 ball pythons
  6 giant cockroaches
  3 goblins
  14 hobgoblins
  17 jackals
  10 kobolds
  5 quokkas
  A ball python skeleton (D:5)
  4 bats
  4 frilled lizards
  A quokka skeleton (D:4)
  6 rats
194 creatures vanquished.

Notes
Turn   | Place    | Note
-------+----------+-------------------------------------------
     0 | D:1      | ANON1729 the Octopode Fire Elementalist began the quest for the Orb.
     0 | D:1      | Reached XP level 1. HP: 11/11 MP: 3/3
   330 | D:1      | Reached XP level 2. HP: 17/17 MP: 3/5
   990 | D:2      | Reached XP level 3. HP: 21/21 MP: 3/6
  1071 | D:2      | Found a radiant altar of Vehumet.
  1196 | D:2      | Found a deep blue altar of Sif Muna.
  1199 | D:2      | Became a worshipper of Sif Muna the Loreminder
  1814 | D:2      | Reached XP level 4. HP: 22/27 MP: 2/7
  2906 | D:3      | Noticed a sky beast
  2935 | D:3      | Learned a level 3 spell: Conjure Flame
  3121 | D:3      | Reached XP level 5. HP: 16/31 MP: 5/9
  3138 | D:3      | Learned a level 4 spell: Sticky Flame
  3396 | D:3      | Killed a sky beast
  3396 | D:3      | Reached XP level 6. HP: 15/36 MP: 0/10
  4522 | D:4      | Reached * piety under Sif Muna
  4779 | D:4      | Reached XP level 7. HP: 25/41 MP: 8/12
  5029 | D:4      | Got a warped ring mail
  5112 | D:4      | Noticed Menkaure
  5988 | D:5      | Entered Level 5 of the Dungeon
  6004 | D:5      | Reached skill level 5 in Fire Magic
  6528 | D:5      | Reached XP level 8. HP: 46/46 MP: 8/14
  6540 | D:5      | Found Boeshrow's Antique Armour Shop.
  7011 | D:5      | Reached ** piety under Sif Muna
  7011 | D:5      | Reached skill level 5 in Dodging
  7385 | D:5      | Reached skill level 5 in Spellcasting
  7388 | D:5      | Gained mutation: You are surrounded by a mild repulsion field. (EV +2) [mutagenic meat]
  7389 | D:5      | Gained mutation: One of your tentacles bears a spike. [mutagenic meat]
  7487 | D:5      | Found a shadowy altar of Dithmenos.
  7488 | D:5      | Found a hazy altar of Hepliaklqana.
  7831 | D:4      | Killed Menkaure
  7831 | D:4      | Reached skill level 5 in Conjurations
  8212 | D:6      | Reached XP level 9. HP: 50/51 MP: 9/17
  8219 | D:6      | Learned a level 5 spell: Fireball
  8245 | D:6      | Found a staircase to the Ecumenical Temple.
  8261 | D:6      | Noticed Erymatos's ghost (novice MiBe)
  8282 | D:7      | Found a snail-covered altar of Cheibriados.
  8427 | D:7      | Noticed kiryas's ghost (novice MfSk)
  8437 | D:7      | Killed kiryas's ghost
  8701 | D:7      | Reached *** piety under Sif Muna
  9853 | D:8      | Reached XP level 10. HP: 49/56 MP: 14/20
  9854 | D:8      | Reached **** piety under Sif Muna
 10234 | D:8      | Found a staircase to the Lair.
 10634 | D:8      | Noticed a two-headed ogre
 10643 | D:8      | Killed a two-headed ogre
 10742 | D:8      | Noticed a two-headed ogre
 10778 | D:8      | Found a sparkling altar of Nemelex Xobeh.
 10778 | D:8      | Found an opulent altar of Gozag.
 10877 | D:8      | Found a glowing silver altar of Zin.
 10877 | D:8      | Found a shimmering altar of Xom.
 10877 | D:8      | Noticed an angel
 10890 | D:8      | Mangled by a two-headed ogre

Skill      XL: |  1  2  3  4  5  6  7  8  9 10 |
---------------+-------------------------------+-----
Stealth        | 3 |  3.3
Conjurations   | 2 3 4 5 6 8 |  8.0
Dodging        | 3 4 5 6 |  6.5
Spellcasting   | 3 4 5 6 7 |  7.5
Fire Magic     | 4 5 6 7 8 |  8.7

Action                   |  1- 3 |  4- 6 |  7- 9 | 10-12 || total
-------------------------+-------+-------+-------+-------++-------
Melee: Unarmed           |    33 |       |       |       ||    33
       Constrict         |     9 |    11 |    12 |     3 ||    35
       Tentacles         |     4 |     7 |    10 |     3 ||    24
       Dagger            |       |    46 |     5 |       ||    51
       Rapier            |       |       |    68 |    16 ||    84
       Kick              |       |       |     6 |     2 ||     8
 Cast: Flame Tongue      |    75 |    77 |   107 |    18 ||   277
       Sticky Flame      |       |     1 |    22 |    11 ||    34
       Conjure Flame     |       |     3 |     5 |     3 ||    11
       Fireball          |       |       |     3 |     5 ||     8
Invok: Divine Energy     |       |       |     1 |       ||     1
  Use: Scroll            |       |     6 |     3 |     2 ||    11
 Stab: Sleeping          |       |     7 |     5 |     1 ||    13
       Distracted        |       |       |     1 |       ||     1
  Eat: Chunk             |     3 |    10 |    31 |     7 ||    51
       Fruit             |       |       |     1 |       ||     1
Armor: Skin              |     4 |     3 |     3 |       ||    10
Dodge: Dodged            |    34 |    42 |   120 |    35 ||   231
